2916 views
Uploaded 2019-12-01 20:50:54
Game version 1.32.0.2 / 1.32.0.2.1
43:31 long 4on4 ladder game on (8)Feralas_LV
Saved by iggythefisk
2916 views
Uploaded 2019-12-01 20:50:54
Game version 1.32.0.2 / 1.32.0.2.1
43:31 long 4on4 ladder game on (8)Feralas_LV


100 units @ 10.9k
/ 0.5k
320 buildings @ 19.8k
/ 11.3k



x1)
| Scroll of Regeneration | 4 | 400 |
| Mechanical Critter | 5 | 250 |
| Staff of Sanctuary | 3 | 750 |
| Orb of Fire | 1 | 325 |
| Lesser Clarity Potion | 8 | 560 |
| Potion of Mana | 1 | 200 |
| Scroll of Town Portal | 1 | 350 |
| Boots of Speed | 3 | 750 |
| Staff of Teleportation | 3 | 450 |
| Tome of Retraining | 1 | 300 |
| Orb of Lightning | 2 | 750 |
| Healing Salve | 1 | 100 |
| total: | 33 | 5185g |
| Peasant | 26 | 1950 | / | 0 |
| Sorceress | 1 | 155 | / | 20 |
| Priest | 1 | 135 | / | 10 |
| total: | 28 | 2240g | / | 30w |
| Scout Tower | 103 | 3090 | / | 2060 |
| Arcane Tower | 8 | 560 | / | 400 |
| Guard Tower | 41 | 2870 | / | 2050 |
| Lumber Mill | 1 | 120 | / | 0 |
| Farm | 6 | 480 | / | 120 |
| Altar of Kings | 1 | 180 | / | 50 |
| Town Hall | 1 | 385 | / | 205 |
| Arcane Vault | 1 | 130 | / | 30 |
| Arcane Sanctum | 1 | 150 | / | 140 |
| Keep | 1 | 320 | / | 210 |
| Castle | 1 | 360 | / | 210 |
| total: | 114 | 4535g | / | 2605w |
| 0:01 | Peasant |
| 0:07 | Peasant |
| 0:11 | Lumber Mill |
| 0:17 | Peasant |
| 0:23 | Farm |
| 0:26 | Peasant |
| 0:41 | Altar of Kings |
| 0:44 | Peasant |
| 0:46 | Farm |
| 1:12 | Peasant |
| 1:17 | Scout Tower |
| 1:19 | Peasant |
| 1:21 | Improved Masonry |
| 1:27 | Peasant |
| 1:36 | Peasant |
| 1:51 | Arcane Tower |
| 1:52 | Scout Tower |
| 1:54 | Peasant |
| 2:20 | Pocket Factory |
| 2:22 | Peasant |
| 2:29 | Guard Tower |
| 2:31 | Scout Tower |
| 2:48 | Peasant |
| 2:49 | Peasant |
| 3:06 | Scout Tower |
| 3:06 | Guard Tower |
| 3:09 | Engineering Upgrade |
| 3:28 | Scout Tower |
| 3:31 | Scout Tower |
| 3:46 | Peasant |
| 3:47 | Peasant |
| 3:55 | Scout Tower |
| 3:57 | Arcane Tower |
| 3:59 | Scout Tower |
| 4:00 | Scout Tower |
| 4:01 | Guard Tower |
| 4:06 | Peasant |
| 4:06 | Peasant |
| 4:39 | Town Hall |
| 4:50 | Guard Tower |
| 5:10 | Boots of Speed |
| 5:11 | Staff of Teleportation |
| 5:18 | Guard Tower |
| 5:20 | Scout Tower |
| 5:25 | Guard Tower |
| 5:25 | Guard Tower |
| 5:28 | Scout Tower |
| 5:29 | Scout Tower |
| 5:30 | Scout Tower |
| 5:34 | Scout Tower |
| 5:47 | Guard Tower |
| 5:49 | Scout Tower |
| 5:49 | Scout Tower |
| 6:07 | Arcane Tower |
| 6:12 | Peasant |
| 6:12 | Peasant |
| 6:14 | Peasant |
| 6:14 | Peasant |
| 6:15 | Peasant |
| 6:29 | Guard Tower |
| 6:30 | Scout Tower |
| 6:32 | Arcane Tower |
| 6:33 | Guard Tower |
| 6:38 | Arcane Vault |
| 6:52 | Pocket Factory |
| 7:24 | Guard Tower |
| 7:24 | Guard Tower |
| 7:25 | Scout Tower |
| 7:25 | Scout Tower |
| 7:30 | Guard Tower |
| 7:31 | Scout Tower |
| 7:33 | Scout Tower |
| 7:42 | Peasant |
| 7:42 | Peasant |
| 7:44 | Peasant |
| 7:45 | Peasant |
| 8:22 | Keep |
| 8:45 | Guard Tower |
| 8:47 | Scout Tower |
| 8:49 | Scout Tower |
| 8:50 | Scout Tower |
| 8:54 | Scout Tower |
| 8:54 | Scout Tower |
| 8:57 | Scroll of Regeneration |
| 8:58 | Mechanical Critter |
| 9:00 | Mechanical Critter |
| 9:33 | Scout Tower |
| 9:35 | Guard Tower |
| 9:50 | Scout Tower |
| 9:51 | Scout Tower |
| 9:52 | Guard Tower |
| 9:56 | Farm |
| 10:08 | Guard Tower |
| 10:08 | Guard Tower |
| 10:09 | Scout Tower |
| 10:10 | Scout Tower |
| 10:39 | Guard Tower |
| 10:43 | Guard Tower |
| 11:04 | Guard Tower |
| 11:06 | Scout Tower |
| 11:06 | Scout Tower |
| 11:08 | Guard Tower |
| 11:10 | Scout Tower |
| 11:10 | Scout Tower |
| 11:14 | Castle |
| 11:20 | Breath of Fire |
| 11:26 | Engineering Upgrade |
| 11:37 | Boots of Speed |
| 11:37 | Staff of Teleportation |
| 11:41 | Advanced Masonry |
| 11:41 | Improved Lumber Harvesting |
| 11:45 | Guard Tower |
| 11:46 | Scroll of Regeneration |
| 11:48 | Scroll of Town Portal |
| 11:50 | Mechanical Critter |
| 12:04 | Guard Tower |
| 12:06 | Scout Tower |
| 12:07 | Scout Tower |
| 12:10 | Arcane Sanctum |
| 12:13 | Guard Tower |
| 12:15 | Scout Tower |
| 12:16 | Scout Tower |
| 12:20 | Farm |
| 12:31 | Scroll of Regeneration |
| 12:41 | Guard Tower |
| 12:59 | Guard Tower |
| 13:01 | Scout Tower |
| 13:21 | Guard Tower |
| 13:22 | Scout Tower |
| 13:23 | Scout Tower |
| 13:49 | Guard Tower |
| 13:51 | Scout Tower |
| 13:56 | Magic Sentry |
| 13:56 | Priest Adept Training |
| 13:56 | Sorceress Adept Training |
| 13:58 | Sorceress |
| 13:58 | Priest |
| 14:14 | Healing Spray |
| 14:17 | Tome of Retraining |
| 14:17 | Retrain Hero |
| 14:20 | Cluster Rockets |
| 14:20 | Cluster Rockets |
| 14:21 | Engineering Upgrade |
| 14:41 | Guard Tower |
| 14:43 | Scout Tower |
| 14:43 | Scout Tower |
| 14:44 | Scout Tower |
| 14:44 | Scout Tower |
| 14:45 | Scout Tower |
| 14:45 | Scout Tower |
| 14:47 | Guard Tower |
| 14:54 | Boots of Speed |
| 14:54 | Staff of Teleportation |
| 15:32 | Arcane Tower |
| 15:36 | Staff of Sanctuary |
| 15:49 | Orb of Lightning |
| 15:52 | Orb of Fire |
| 16:06 | Guard Tower |
| 17:37 | Guard Tower |
| 17:42 | Staff of Sanctuary |
| 18:20 | Imbued Masonry |
| 18:20 | Advanced Lumber Harvesting |
| 18:21 | Sorceress Master Training |
| 18:21 | Priest Master Training |
| 18:23 | Farm |
| 18:29 | Drunken Haze |
| 19:07 | Scout Tower |
| 19:07 | Scout Tower |
| 19:12 | Scout Tower |
| 19:13 | Scout Tower |
| 19:32 | Healing Salve |
| 19:35 | Lesser Clarity Potion |
| 19:42 | Lesser Clarity Potion |
| 21:09 | Scout Tower |
| 21:09 | Scout Tower |
| 21:10 | Scout Tower |
| 21:10 | Scout Tower |
| 21:11 | Scout Tower |
| 21:11 | Scout Tower |
| 21:12 | Scout Tower |
| 21:12 | Scout Tower |
| 21:13 | Scout Tower |
| 21:13 | Scout Tower |
| 21:14 | Scout Tower |
| 21:14 | Scout Tower |
| 21:17 | Guard Tower |
| 22:50 | Arcane Tower |
| 22:58 | Orb of Lightning |
| 23:12 | Staff of Sanctuary |
| 23:25 | Scout Tower |
| 23:25 | Scout Tower |
| 23:26 | Scout Tower |
| 23:27 | Scout Tower |
| 23:28 | Scout Tower |
| 23:29 | Scout Tower |
| 23:29 | Scout Tower |
| 23:30 | Scout Tower |
| 23:30 | Scout Tower |
| 23:31 | Scout Tower |
| 23:31 | Scout Tower |
| 23:32 | Scout Tower |
| 23:39 | Arcane Tower |
| 24:11 | Farm |
| 24:19 | Chemical Rage |
| 24:50 | Arcane Tower |
| 24:58 | Scroll of Regeneration |
| 25:04 | Lesser Clarity Potion |
| 25:07 | Mechanical Critter |
| 25:08 | Mechanical Critter |
| 25:17 | Lesser Clarity Potion |
| 25:54 | Scout Tower |
| 25:54 | Scout Tower |
| 25:55 | Scout Tower |
| 26:05 | Guard Tower |
| 26:49 | Cluster Rockets |
| 26:52 | Healing Spray |
| 27:34 | Lesser Clarity Potion |
| 27:46 | Scout Tower |
| 27:47 | Scout Tower |
| 27:47 | Scout Tower |
| 27:47 | Scout Tower |
| 27:48 | Scout Tower |
| 27:48 | Scout Tower |
| 27:49 | Scout Tower |
| 27:49 | Scout Tower |
| 27:50 | Scout Tower |
| 27:52 | Guard Tower |
| 27:56 | Lesser Clarity Potion |
| 28:02 | Potion of Mana |
| 28:51 | Guard Tower |
| 29:08 | Breath of Fire |
| 29:32 | Guard Tower |
| 29:33 | Scout Tower |
| 29:34 | Scout Tower |
| 29:35 | Scout Tower |
| 29:56 | Scout Tower |
| 29:58 | Scout Tower |
| 29:58 | Scout Tower |
| 29:58 | Scout Tower |
| 29:59 | Scout Tower |
| 29:59 | Scout Tower |
| 30:00 | Scout Tower |
| 30:01 | Scout Tower |
| 30:01 | Scout Tower |
| 30:04 | Scout Tower |
| 30:05 | Scout Tower |
| 30:29 | Lesser Clarity Potion |
| 30:33 | Lesser Clarity Potion |
| 30:49 | Guard Tower |
| 32:13 | Guard Tower |
| 33:49 | Robo-Goblin |
| 34:46 | Drunken Brawler |
| 34:50 | Guard Tower |
| 36:08 | Chemical Rage |
| 41:22 | Breath of Fire |
| Right click | 2262 |
| Select group | 1522 |
| Select | 581 |
| Assign group | 385 |
| Use ability | 228 |
| Build/train/purchase | 209 |
| Chat | 123 |
| Misc. action | 36 |
| Item give/drop | 12 |
| Minimap ping | 4 |
| Remove unit | 2 |
| Esc | 2 |

| Peon | 6 | 450 | / | 0 |
| Grunt | 17 | 3400 | / | 0 |
| total: | 23 | 3850g | / | 0w |
| Watch Tower | 2 | 220 | / | 160 |
| Altar of Storms | 1 | 180 | / | 50 |
| Orc Burrow | 4 | 640 | / | 160 |
| Barracks | 1 | 180 | / | 50 |
| Voodoo Lounge | 1 | 130 | / | 30 |
| Great Hall | 1 | 385 | / | 185 |
| War Mill | 1 | 205 | / | 0 |
| Stronghold | 1 | 315 | / | 190 |
| total: | 11 | 1940g | / | 635w |
| 0:06 | Altar of Storms |
| 0:10 | Peon |
| 0:20 | Orc Burrow |
| 0:31 | Peon |
| 0:50 | Barracks |
| 0:55 | Peon |
| 1:27 | Peon |
| 1:38 | Orc Burrow |
| 1:57 | Grunt |
| 1:58 | Grunt |
| 2:04 | Peon |
| 2:20 | Grunt |
| 4:00 | Grunt |
| 4:00 | Grunt |
| 4:00 | Grunt |
| 4:01 | Grunt |
| 4:01 | Grunt |
| 4:44 | Voodoo Lounge |
| 4:48 | Grunt |
| 5:48 | Chain Lighting |
| 5:52 | Feral Spirit |
| 6:08 | Great Hall |
| 6:43 | Grunt |
| 6:43 | Grunt |
| 6:43 | Grunt |
| 6:44 | Grunt |
| 7:59 | Orc Burrow |
| 8:03 | Grunt |
| 8:04 | Grunt |
| 9:49 | Stronghold |
| 10:29 | War Mill |
| 10:41 | Grunt |
| 10:41 | Grunt |
| 12:40 | Orc Burrow |
| 13:09 | Peon |
| 13:18 | Steel Armor |
| 13:33 | Feral Spirit |
| 14:48 | Watch Tower |
| 14:54 | Watch Tower |
| Right click | 485 |
| Select | 102 |
| Build/train/purchase | 33 |
| Select group | 13 |
| Use ability | 10 |
| Assign group | 6 |
| Esc | 6 |
BEARAND
(43:26) : 


| Healing Salve | 2 | 200 |
| Lesser Clarity Potion | 2 | 140 |
| Orb of Lightning | 4 | 1500 |
| Staff of Teleportation | 5 | 750 |
| Boots of Speed | 4 | 1000 |
| Staff of Sanctuary | 3 | 750 |
| total: | 20 | 4340g |
| Peon | 15 | 1125 | / | 0 |
| Troll Batrider | 11 | 1760 | / | 440 |
| total: | 26 | 2885g | / | 440w |
| Watch Tower | 50 | 5500 | / | 4000 |
| Altar of Storms | 2 | 360 | / | 100 |
| Orc Burrow | 4 | 640 | / | 160 |
| War Mill | 1 | 205 | / | 0 |
| Voodoo Lounge | 4 | 520 | / | 120 |
| Great Hall | 1 | 385 | / | 185 |
| Beastiary | 2 | 290 | / | 280 |
| Stronghold | 1 | 315 | / | 190 |
| Fortress | 2 | 650 | / | 380 |
| total: | 64 | 7900g | / | 4845w |
| 0:03 | Peon |
| 0:03 | Peon |
| 0:09 | Altar of Storms |
| 0:22 | Orc Burrow |
| 0:27 | Peon |
| 0:38 | War Mill |
| 0:51 | Altar of Storms |
| 1:08 | Peon |
| 1:12 | Peon |
| 1:22 | Peon |
| 1:27 | Voodoo Lounge |
| 1:32 | Peon |
| 1:54 | Watch Tower |
| 2:06 | Voodoo Lounge |
| 2:10 | Peon |
| 2:25 | Peon |
| 2:27 | Watch Tower |
| 2:37 | Peon |
| 2:46 | Watch Tower |
| 2:51 | Wind Walk |
| 3:06 | Orc Burrow |
| 3:24 | Watch Tower |
| 3:29 | Healing Salve |
| 3:49 | Stronghold |
| 4:32 | Watch Tower |
| 4:33 | Watch Tower |
| 5:22 | Watch Tower |
| 5:23 | Watch Tower |
| 5:24 | Watch Tower |
| 6:26 | Peon |
| 6:26 | Peon |
| 6:26 | Peon |
| 6:26 | Peon |
| 6:27 | Peon |
| 6:37 | Voodoo Lounge |
| 6:48 | Lesser Clarity Potion |
| 7:10 | Shockwave |
| 7:17 | Healing Salve |
| 7:53 | Critical Strike |
| 8:08 | Fortress |
| 9:19 | Watch Tower |
| 9:19 | Watch Tower |
| 9:20 | Watch Tower |
| 9:21 | Watch Tower |
| 9:22 | Watch Tower |
| 9:22 | Watch Tower |
| 9:22 | Watch Tower |
| 9:23 | Watch Tower |
| 9:24 | Watch Tower |
| 9:24 | Watch Tower |
| 9:25 | Watch Tower |
| 9:26 | Watch Tower |
| 9:26 | Watch Tower |
| 9:45 | Staff of Teleportation |
| 9:59 | Lesser Clarity Potion |
| 10:13 | Voodoo Lounge |
| 10:38 | Boots of Speed |
| 10:52 | Boots of Speed |
| 10:52 | Boots of Speed |
| 11:30 | Great Hall |
| 12:10 | Orc Burrow |
| 12:27 | Watch Tower |
| 12:30 | Watch Tower |
| 12:34 | Watch Tower |
| 12:50 | Orc Burrow |
| 13:18 | Beastiary |
| 13:51 | Staff of Teleportation |
| 13:52 | Staff of Teleportation |
| 13:52 | Staff of Teleportation |
| 14:11 | Watch Tower |
| 14:13 | Watch Tower |
| 14:25 | Beastiary |
| 14:34 | Healing Wave |
| 14:41 | Orb of Lightning |
| 14:41 | Orb of Lightning |
| 16:00 | Staff of Sanctuary |
| 16:47 | Troll Batrider |
| 16:47 | Troll Batrider |
| 16:48 | Liquid Fire |
| 18:18 | Troll Batrider |
| 18:23 | Watch Tower |
| 18:23 | Watch Tower |
| 18:24 | Watch Tower |
| 18:24 | Watch Tower |
| 18:25 | Watch Tower |
| 18:27 | Watch Tower |
| 18:27 | Watch Tower |
| 18:28 | Watch Tower |
| 18:28 | Watch Tower |
| 18:31 | Reinforced Defenses |
| 18:36 | Wind Walk |
| 18:50 | Endurance Aura |
| 19:04 | Troll Batrider |
| 19:08 | Troll Batrider |
| 19:13 | Staff of Sanctuary |
| 19:18 | Boots of Speed |
| 19:18 | Staff of Teleportation |
| 19:38 | Staff of Sanctuary |
| 20:43 | Hex |
| 21:02 | Orb of Lightning |
| 21:07 | Troll Batrider |
| 21:12 | Watch Tower |
| 21:14 | Watch Tower |
| 21:14 | Watch Tower |
| 21:15 | Watch Tower |
| 23:16 | Steel Ranged Weapons |
| 23:16 | Steel Armor |
| 23:47 | Orb of Lightning |
| 24:19 | Thorium Ranged Weapons |
| 25:13 | Watch Tower |
| 25:14 | Watch Tower |
| 25:15 | Watch Tower |
| 25:16 | Watch Tower |
| 25:19 | Watch Tower |
| 26:05 | Troll Batrider |
| 26:05 | Troll Batrider |
| 26:27 | Troll Batrider |
| 26:27 | Troll Batrider |
| 26:48 | Shockwave |
| 27:45 | Watch Tower |
| 27:46 | Watch Tower |
| 27:47 | Watch Tower |
| 27:56 | Troll Batrider |
| 28:59 | Watch Tower |
| 28:59 | Watch Tower |
| 31:41 | Healing Wave |
| 31:51 | Critical Strike |
| 33:39 | Endurance Aura |
| 34:17 | Hex |
| 35:50 | Critical Strike |
| 37:17 | Arcanite Ranged Weapons |
| 41:20 | Shockwave |
| Right click | 3222 |
| Select group | 725 |
| Select | 708 |
| Chat | 338 |
| Build/train/purchase | 132 |
| Use ability | 115 |
| Misc. action | 29 |
| Assign group | 19 |
| Minimap ping | 17 |
| Resource trade | 5 |
| Item give/drop | 4 |
| Remove unit | 4 |



| Lesser Clarity Potion | 3 | 210 |
| Staff of Sanctuary | 3 | 750 |
| Staff of Teleportation | 3 | 450 |
| Boots of Speed | 3 | 750 |
| Periapt of Vitality | 4 | 1300 |
| Healing Salve | 2 | 200 |
| Orb of Lightning | 5 | 1875 |
| total: | 23 | 5535g |
| Peasant | 20 | 1500 | / | 0 |
| Priest | 3 | 405 | / | 30 |
| total: | 23 | 1905g | / | 30w |
| Scout Tower | 120 | 3600 | / | 2400 |
| Arcane Tower | 5 | 350 | / | 250 |
| Guard Tower | 33 | 2310 | / | 1650 |
| Altar of Kings | 1 | 180 | / | 50 |
| Farm | 3 | 240 | / | 60 |
| Lumber Mill | 1 | 120 | / | 0 |
| Town Hall | 2 | 770 | / | 410 |
| Arcane Vault | 2 | 260 | / | 60 |
| Blacksmith | 1 | 140 | / | 60 |
| Arcane Sanctum | 1 | 150 | / | 140 |
| Keep | 2 | 640 | / | 420 |
| Castle | 2 | 720 | / | 420 |
| total: | 131 | 5460g | / | 3180w |
| 0:04 | Peasant |
| 0:04 | Peasant |
| 0:19 | Altar of Kings |
| 0:21 | Farm |
| 0:24 | Peasant |
| 0:34 | Peasant |
| 0:45 | Lumber Mill |
| 0:48 | Peasant |
| 1:00 | Scout Tower |
| 1:09 | Farm |
| 1:12 | Peasant |
| 1:13 | Peasant |
| 1:29 | Arcane Tower |
| 1:34 | Scout Tower |
| 2:02 | Scout Tower |
| 2:04 | Scout Tower |
| 2:08 | Scout Tower |
| 2:09 | Peasant |
| 2:10 | Peasant |
| 2:12 | Peasant |
| 2:26 | Blizzard |
| 2:28 | Guard Tower |
| 2:37 | Guard Tower |
| 3:04 | Peasant |
| 3:04 | Peasant |
| 3:04 | Peasant |
| 3:17 | Peasant |
| 3:18 | Peasant |
| 3:38 | Peasant |
| 3:43 | Scout Tower |
| 3:49 | Scout Tower |
| 4:00 | Town Hall |
| 4:21 | Guard Tower |
| 4:27 | Staff of Teleportation |
| 4:27 | Boots of Speed |
| 4:30 | Periapt of Vitality |
| 5:11 | Keep |
| 5:15 | Brilliance Aura |
| 5:31 | Scout Tower |
| 5:33 | Scout Tower |
| 5:33 | Scout Tower |
| 5:34 | Scout Tower |
| 5:37 | Improved Masonry |
| 6:02 | Healing Salve |
| 6:07 | Lesser Clarity Potion |
| 6:12 | Guard Tower |
| 6:18 | Scout Tower |
| 6:18 | Scout Tower |
| 6:19 | Scout Tower |
| 6:20 | Scout Tower |
| 6:37 | Peasant |
| 6:37 | Peasant |
| 6:39 | Guard Tower |
| 6:41 | Scout Tower |
| 6:42 | Scout Tower |
| 6:42 | Scout Tower |
| 6:43 | Scout Tower |
| 6:53 | Guard Tower |
| 7:16 | Arcane Vault |
| 7:19 | Peasant |
| 7:20 | Peasant |
| 7:57 | Castle |
| 8:15 | Guard Tower |
| 8:23 | Guard Tower |
| 8:35 | Storm Bolt |
| 8:59 | Arcane Tower |
| 9:00 | Guard Tower |
| 9:11 | Guard Tower |
| 9:15 | Arcane Sanctum |
| 9:18 | Improved Lumber Harvesting |
| 9:21 | Scout Tower |
| 9:22 | Scout Tower |
| 9:23 | Scout Tower |
| 9:24 | Scout Tower |
| 9:58 | Blizzard |
| 10:24 | Guard Tower |
| 10:34 | Orb of Lightning |
| 10:34 | Orb of Lightning |
| 10:38 | Magic Sentry |
| 10:39 | Healing Salve |
| 10:40 | Lesser Clarity Potion |
| 10:50 | Farm |
| 10:54 | Staff of Sanctuary |
| 11:10 | Advanced Masonry |
| 11:11 | Scout Tower |
| 11:12 | Scout Tower |
| 11:12 | Scout Tower |
| 11:13 | Scout Tower |
| 11:14 | Scout Tower |
| 11:15 | Scout Tower |
| 11:16 | Scout Tower |
| 11:17 | Scout Tower |
| 11:20 | Priest |
| 11:23 | Priest Adept Training |
| 11:31 | Arcane Vault |
| 11:42 | Boots of Speed |
| 11:50 | Staff of Teleportation |
| 12:09 | Scout Tower |
| 12:10 | Scout Tower |
| 12:11 | Scout Tower |
| 12:13 | Scout Tower |
| 12:15 | Scout Tower |
| 12:16 | Scout Tower |
| 12:22 | Scout Tower |
| 12:22 | Scout Tower |
| 12:23 | Scout Tower |
| 12:24 | Scout Tower |
| 12:25 | Scout Tower |
| 12:25 | Scout Tower |
| 12:26 | Scout Tower |
| 12:27 | Scout Tower |
| 12:37 | Bash |
| 12:45 | Arcane Tower |
| 12:58 | Staff of Sanctuary |
| 13:04 | Guard Tower |
| 13:10 | Orb of Lightning |
| 13:10 | Orb of Lightning |
| 13:22 | Advanced Lumber Harvesting |
| 13:29 | Holy Light |
| 13:46 | Boots of Speed |
| 13:51 | Periapt of Vitality |
| 14:06 | Imbued Masonry |
| 14:07 | Priest Master Training |
| 14:08 | Priest |
| 14:10 | Sorceress Adept Training |
| 14:14 | Arcane Tower |
| 14:38 | Arcane Tower |
| 14:51 | Guard Tower |
| 15:42 | Scout Tower |
| 15:43 | Scout Tower |
| 15:55 | Orb of Lightning |
| 16:18 | Staff of Teleportation |
| 16:35 | Staff of Sanctuary |
| 17:50 | Sorceress Master Training |
| 18:38 | Scout Tower |
| 18:39 | Scout Tower |
| 18:40 | Scout Tower |
| 18:40 | Scout Tower |
| 18:41 | Scout Tower |
| 18:41 | Scout Tower |
| 18:44 | Guard Tower |
| 19:57 | Brilliance Aura |
| 20:06 | Scout Tower |
| 20:07 | Scout Tower |
| 20:07 | Scout Tower |
| 20:08 | Scout Tower |
| 20:08 | Scout Tower |
| 20:09 | Scout Tower |
| 20:09 | Scout Tower |
| 21:02 | Scout Tower |
| 21:03 | Scout Tower |
| 21:03 | Scout Tower |
| 21:04 | Scout Tower |
| 21:06 | Guard Tower |
| 21:13 | Scout Tower |
| 21:13 | Scout Tower |
| 22:42 | Divine Shield |
| 22:58 | Guard Tower |
| 23:48 | Scout Tower |
| 23:49 | Scout Tower |
| 23:50 | Scout Tower |
| 23:50 | Scout Tower |
| 23:51 | Scout Tower |
| 23:52 | Scout Tower |
| 24:07 | Priest |
| 24:25 | Periapt of Vitality |
| 24:39 | Guard Tower |
| 24:52 | Scout Tower |
| 24:52 | Scout Tower |
| 24:53 | Scout Tower |
| 25:05 | Scout Tower |
| 25:07 | Scout Tower |
| 25:08 | Scout Tower |
| 25:09 | Scout Tower |
| 25:10 | Scout Tower |
| 25:10 | Scout Tower |
| 25:12 | Scout Tower |
| 25:14 | Scout Tower |
| 25:21 | Guard Tower |
| 27:03 | Storm Bolt |
| 27:47 | Guard Tower |
| 27:53 | Guard Tower |
| 28:17 | Lesser Clarity Potion |
| 28:27 | Scout Tower |
| 28:28 | Scout Tower |
| 28:29 | Scout Tower |
| 28:30 | Scout Tower |
| 28:31 | Scout Tower |
| 28:34 | Scout Tower |
| 28:35 | Scout Tower |
| 28:40 | Periapt of Vitality |
| 29:33 | Guard Tower |
| 30:56 | Brilliance Aura |
| 31:50 | Bash |
| 32:22 | Guard Tower |
| 32:29 | Town Hall |
| 33:27 | Holy Light |
| 35:02 | Scout Tower |
| 35:03 | Scout Tower |
| 35:43 | Scout Tower |
| 35:44 | Scout Tower |
| 35:44 | Scout Tower |
| 35:45 | Scout Tower |
| 35:46 | Scout Tower |
| 35:46 | Scout Tower |
| 35:47 | Scout Tower |
| 35:48 | Scout Tower |
| 35:48 | Scout Tower |
| 35:49 | Scout Tower |
| 35:50 | Scout Tower |
| 35:51 | Scout Tower |
| 35:52 | Scout Tower |
| 35:53 | Scout Tower |
| 35:54 | Scout Tower |
| 36:04 | Storm Bolt |
| 36:46 | Devotion Aura |
| 37:21 | Guard Tower |
| 37:22 | Scout Tower |
| 37:23 | Scout Tower |
| 37:23 | Scout Tower |
| 37:25 | Scout Tower |
| 37:25 | Scout Tower |
| 37:34 | Blacksmith |
| 37:37 | Guard Tower |
| 37:43 | Blizzard |
| 39:13 | Scout Tower |
| 39:24 | Guard Tower |
| 40:04 | Guard Tower |
| 40:04 | Scout Tower |
| 40:05 | Scout Tower |
| 40:06 | Guard Tower |
| 40:11 | Scout Tower |
| 40:12 | Scout Tower |
| 40:12 | Scout Tower |
| 41:58 | Guard Tower |
| 42:01 | Guard Tower |
| 42:05 | Guard Tower |
| 42:18 | Guard Tower |
| 42:44 | Guard Tower |
| 42:50 | Scout Tower |
| 42:51 | Scout Tower |
| 43:21 | Guard Tower |
| Right click | 2196 |
| Select group | 1513 |
| Select | 337 |
| Use ability | 203 |
| Build/train/purchase | 147 |
| Misc. action | 146 |
| Chat | 107 |
| Minimap ping | 18 |
| Assign group | 9 |
| Item give/drop | 9 |
| Esc | 3 |
199 units @ 29.7k
/ 3.7k
121 buildings @ 16.6k
/ 8k


| Scroll of Regeneration | 3 | 300 |
| Potion of Healing | 2 | 300 |
| Lesser Clarity Potion | 4 | 280 |
| Potion of Mana | 1 | 200 |
| Scroll of Healing | 1 | 250 |
| Scroll of Town Portal | 2 | 700 |
| Potion of Lesser Invulnerability | 2 | 300 |
| Scroll of Protection | 1 | 150 |
| total: | 16 | 2480g |
| Peasant | 21 | 1575 | / | 0 |
| Footman | 4 | 540 | / | 0 |
| Rifleman | 6 | 1230 | / | 180 |
| Priest | 3 | 405 | / | 30 |
| Dragonhawk Rider | 7 | 1400 | / | 210 |
| Gryphon Rider | 4 | 1120 | / | 280 |
| Mortar Team | 1 | 180 | / | 70 |
| total: | 46 | 6450g | / | 770w |
| Scout Tower | 7 | 210 | / | 140 |
| Guard Tower | 4 | 280 | / | 200 |
| Arcane Tower | 1 | 70 | / | 50 |
| Altar of Kings | 2 | 360 | / | 100 |
| Farm | 13 | 1040 | / | 260 |
| Barracks | 2 | 320 | / | 120 |
| Lumber Mill | 1 | 120 | / | 0 |
| Arcane Vault | 1 | 130 | / | 30 |
| Blacksmith | 2 | 280 | / | 120 |
| Town Hall | 1 | 385 | / | 205 |
| Arcane Sanctum | 1 | 150 | / | 140 |
| Gryphon Aviary | 3 | 420 | / | 450 |
| Workshop | 3 | 420 | / | 420 |
| Keep | 1 | 320 | / | 210 |
| Castle | 1 | 360 | / | 210 |
| total: | 36 | 3835g | / | 1985w |
| 0:02 | Peasant |
| 0:10 | Altar of Kings |
| 0:13 | Peasant |
| 0:15 | Altar of Kings |
| 0:19 | Farm |
| 0:21 | Barracks |
| 0:24 | Peasant |
| 0:35 | Peasant |
| 0:48 | Peasant |
| 1:05 | Farm |
| 1:13 | Peasant |
| 1:23 | Footman |
| 1:28 | Peasant |
| 1:43 | Lumber Mill |
| 1:46 | Footman |
| 1:54 | Farm |
| 1:59 | Peasant |
| 2:05 | Peasant |
| 2:13 | Summon Water Elemental |
| 2:23 | Footman |
| 2:30 | Scout Tower |
| 2:51 | Keep |
| 3:08 | Guard Tower |
| 3:11 | Arcane Vault |
| 3:16 | Brilliance Aura |
| 3:27 | Blacksmith |
| 3:30 | Farm |
| 3:41 | Footman |
| 4:14 | Farm |
| 4:24 | Scroll of Regeneration |
| 5:22 | Scout Tower |
| 5:23 | Scout Tower |
| 5:30 | Town Hall |
| 5:40 | Summon Water Elemental |
| 5:43 | Peasant |
| 5:44 | Improved Lumber Harvesting |
| 5:45 | Peasant |
| 6:05 | Guard Tower |
| 6:16 | Potion of Healing |
| 6:29 | Arcane Tower |
| 6:41 | Storm Bolt |
| 6:45 | Peasant |
| 6:45 | Peasant |
| 6:49 | Peasant |
| 7:09 | Rifleman |
| 7:33 | Arcane Sanctum |
| 7:38 | Peasant |
| 7:39 | Peasant |
| 7:39 | Farm |
| 7:47 | Rifleman |
| 7:50 | Peasant |
| 7:50 | Peasant |
| 7:57 | Scout Tower |
| 7:59 | Scout Tower |
| 8:03 | Rifleman |
| 8:08 | Peasant |
| 8:25 | Defend |
| 8:30 | Gryphon Aviary |
| 8:32 | Peasant |
| 8:32 | Peasant |
| 8:51 | Rifleman |
| 8:52 | Priest |
| 9:03 | Castle |
| 9:25 | Thunder Clap |
| 9:44 | Rifleman |
| 9:45 | Priest |
| 9:52 | Farm |
| 9:52 | Farm |
| 9:53 | Farm |
| 9:53 | Farm |
| 9:56 | Improved Masonry |
| 9:59 | Guard Tower |
| 10:04 | Barracks |
| 10:08 | Black Gunpowder |
| 10:11 | Lesser Clarity Potion |
| 10:14 | Potion of Mana |
| 10:34 | Lesser Clarity Potion |
| 10:51 | Gryphon Aviary |
| 10:51 | Gryphon Aviary |
| 10:55 | Scout Tower |
| 10:56 | Scout Tower |
| 11:04 | Rifleman |
| 11:09 | Priest |
| 11:11 | Priest Adept Training |
| 11:19 | Long Rifles |
| 11:22 | Brilliance Aura |
| 11:30 | Guard Tower |
| 11:34 | Farm |
| 11:35 | Farm |
| 12:05 | Scroll of Healing |
| 12:16 | Potion of Lesser Invulnerability |
| 12:22 | Storm Hammers |
| 12:22 | Cloud |
| 12:27 | Studded Leather Armor |
| 12:45 | Dragonhawk Rider |
| 13:10 | Dragonhawk Rider |
| 13:22 | Farm |
| 13:32 | Dragonhawk Rider |
| 13:39 | Priest Master Training |
| 14:24 | Scroll of Regeneration |
| 14:27 | Scroll of Town Portal |
| 14:40 | Gryphon Rider |
| 14:44 | Refined Gunpowder |
| 15:23 | Gryphon Rider |
| 15:40 | Dragonhawk Rider |
| 17:20 | Gryphon Rider |
| 18:03 | Imbued Gunpowder |
| 18:31 | Blacksmith |
| 18:34 | Lesser Clarity Potion |
| 18:37 | Potion of Healing |
| 19:10 | Workshop |
| 19:11 | Workshop |
| 19:45 | Potion of Lesser Invulnerability |
| 19:46 | Scroll of Protection |
| 20:58 | Fragmentation Shards |
| 20:59 | Flare |
| 20:59 | Barrage |
| 21:06 | Workshop |
| 21:26 | Dragonhawk Rider |
| 22:57 | Lesser Clarity Potion |
| 23:01 | Scroll of Town Portal |
| 23:20 | Sundering Blades |
| 23:30 | Storm Bolt |
| 24:38 | Reinforced Leather Armor |
| 24:41 | Iron Forged Swords |
| 25:10 | Mortar Team |
| 27:09 | Gryphon Rider |
| 27:14 | Scroll of Regeneration |
| 27:26 | Dragonhawk Rider |
| 28:53 | Dragonhawk Rider |
| Select group | 2377 |
| Right click | 1521 |
| Select | 827 |
| Misc. action | 316 |
| Build/train/purchase | 175 |
| Assign group | 78 |
| Use ability | 77 |
| Esc | 13 |
| Chat | 13 |
| Item give/drop | 3 |
| Remove unit | 1 |
| Mechanical Critter | 2 | 100 |
| Lesser Clarity Potion | 2 | 140 |
| Scroll of Regeneration | 3 | 300 |
| Ivory Tower | 2 | 80 |
| Potion of Healing | 1 | 150 |
| total: | 10 | 770g |
| Peasant | 11 | 825 | / | 0 |
| Footman | 14 | 1890 | / | 0 |
| Rifleman | 4 | 820 | / | 120 |
| Sorceress | 2 | 310 | / | 40 |
| Priest | 6 | 810 | / | 60 |
| Spell Breaker | 7 | 1505 | / | 210 |
| Gryphon Rider | 3 | 840 | / | 210 |
| Knight | 3 | 735 | / | 180 |
| Dragonhawk Rider | 1 | 200 | / | 30 |
| total: | 51 | 7935g | / | 850w |
| Scout Tower | 6 | 180 | / | 120 |
| Barracks | 1 | 160 | / | 60 |
| Lumber Mill | 1 | 120 | / | 0 |
| Farm | 13 | 1040 | / | 260 |
| Altar of Kings | 1 | 180 | / | 50 |
| Arcane Vault | 1 | 130 | / | 30 |
| Blacksmith | 1 | 140 | / | 60 |
| Town Hall | 1 | 385 | / | 205 |
| Arcane Sanctum | 1 | 150 | / | 140 |
| Gryphon Aviary | 1 | 140 | / | 150 |
| Workshop | 1 | 140 | / | 140 |
| Keep | 2 | 640 | / | 420 |
| Castle | 1 | 360 | / | 210 |
| total: | 28 | 2765g | / | 1215w |
| 1:10 | Barracks |
| 1:35 | Peasant |
| 1:35 | Peasant |
| 2:13 | Lumber Mill |
| 2:24 | Farm |
| 2:28 | Footman |
| 2:28 | Footman |
| 2:29 | Footman |
| 2:32 | Footman |
| 2:36 | Footman |
| 3:19 | Scout Tower |
| 3:51 | Scout Tower |
| 4:23 | Altar of Kings |
| 4:50 | Peasant |
| 5:11 | Farm |
| 5:40 | Farm |
| 6:08 | Farm |
| 6:51 | Farm |
| 8:26 | Footman |
| 8:26 | Footman |
| 8:27 | Footman |
| 8:27 | Footman |
| 8:28 | Footman |
| 8:31 | Defend |
| 8:44 | Scout Tower |
| 9:13 | Arcane Vault |
| 9:27 | Blacksmith |
| 10:26 | Mechanical Critter |
| 10:29 | Lesser Clarity Potion |
| 10:29 | Scroll of Regeneration |
| 10:58 | Iron Forged Swords |
| 11:14 | Scout Tower |
| 11:23 | Peasant |
| 11:23 | Peasant |
| 12:04 | Scout Tower |
| 12:14 | Keep |
| 12:28 | Rifleman |
| 12:56 | Town Hall |
| 13:28 | Rifleman |
| 14:05 | Black Gunpowder |
| 14:12 | Mechanical Critter |
| 14:14 | Scroll of Regeneration |
| 14:16 | Rifleman |
| 14:18 | Rifleman |
| 14:36 | Scout Tower |
| 14:47 | Peasant |
| 14:47 | Peasant |
| 14:48 | Peasant |
| 15:48 | Farm |
| 17:06 | Farm |
| 17:10 | Castle |
| 17:20 | Keep |
| 17:34 | Ivory Tower |
| 17:49 | Steel Forged Swords |
| 17:53 | Studded Leather Armor |
| 17:56 | Refined Gunpowder |
| 18:21 | Arcane Sanctum |
| 18:26 | Ivory Tower |
| 18:43 | Improved Lumber Harvesting |
| 18:44 | Improved Masonry |
| 19:50 | Sorceress |
| 19:51 | Priest |
| 19:52 | Spell Breaker |
| 19:53 | Spell Breaker |
| 19:54 | Spell Breaker |
| 19:58 | Spell Breaker |
| 20:00 | Sorceress |
| 20:14 | Gryphon Aviary |
| 20:53 | Advanced Masonry |
| 20:59 | Advanced Lumber Harvesting |
| 21:02 | Iron Plating |
| 21:08 | Peasant |
| 21:09 | Peasant |
| 21:27 | Priest |
| 21:28 | Priest |
| 21:35 | Priest Adept Training |
| 21:54 | Workshop |
| 22:09 | Sorceress Adept Training |
| 22:40 | Farm |
| 23:08 | Farm |
| 23:26 | Gryphon Rider |
| 23:26 | Gryphon Rider |
| 23:27 | Gryphon Rider |
| 24:24 | Farm |
| 24:27 | Farm |
| 25:00 | Magic Sentry |
| 25:12 | Farm |
| 27:11 | Knight |
| 27:12 | Knight |
| 27:12 | Knight |
| 27:14 | Footman |
| 27:14 | Footman |
| 27:14 | Footman |
| 27:15 | Footman |
| 27:31 | Priest |
| 27:31 | Priest |
| 27:32 | Priest |
| 27:34 | Spell Breaker |
| 27:34 | Spell Breaker |
| 27:34 | Spell Breaker |
| 27:53 | Farm |
| 28:35 | Dragonhawk Rider |
| 28:53 | Peasant |
| 29:29 | Potion of Healing |
| 29:30 | Scroll of Regeneration |
| 29:31 | Lesser Clarity Potion |
| Select | 262 |
| Right click | 233 |
| Build/train/purchase | 87 |
| Use ability | 5 |
| Esc | 1 |


| Healing Salve | 2 | 200 |
| Potion of Healing | 2 | 300 |
| Potion of Mana | 5 | 1000 |
| Scroll of Healing | 1 | 250 |
| Potion of Lesser Invulnerability | 1 | 150 |
| total: | 11 | 1900g |
| Peon | 14 | 1050 | / | 0 |
| Grunt | 3 | 600 | / | 0 |
| Troll Headhunter | 3 | 420 | / | 60 |
| Troll Witch Doctor | 2 | 290 | / | 50 |
| Shaman | 4 | 520 | / | 80 |
| Wind Rider | 5 | 1325 | / | 200 |
| Kodo Beast | 2 | 510 | / | 120 |
| Demolisher | 8 | 1760 | / | 400 |
| Troll Berserker | 2 | 280 | / | 40 |
| Tauren | 3 | 840 | / | 240 |
| total: | 46 | 7595g | / | 1190w |
| Watch Tower | 4 | 440 | / | 320 |
| Altar of Storms | 1 | 180 | / | 50 |
| Orc Burrow | 9 | 1440 | / | 360 |
| Barracks | 1 | 180 | / | 50 |
| War Mill | 1 | 205 | / | 0 |
| Voodoo Lounge | 1 | 130 | / | 30 |
| Great Hall | 2 | 770 | / | 370 |
| Spirit Lodge | 1 | 150 | / | 150 |
| Beastiary | 1 | 145 | / | 140 |
| Tauren Totem | 3 | 405 | / | 465 |
| Stronghold | 1 | 315 | / | 190 |
| Fortress | 1 | 325 | / | 190 |
| total: | 24 | 4045g | / | 1935w |
| 0:07 | Peon |
| 0:11 | Altar of Storms |
| 0:20 | Peon |
| 0:28 | Orc Burrow |
| 0:46 | Barracks |
| 0:50 | Peon |
| 1:04 | Peon |
| 1:31 | Peon |
| 1:53 | Orc Burrow |
| 1:56 | Grunt |
| 2:00 | Peon |
| 2:13 | Peon |
| 2:20 | Feral Spirit |
| 2:55 | War Mill |
| 3:02 | Voodoo Lounge |
| 3:09 | Grunt |
| 3:40 | Grunt |
| 3:59 | Chain Lighting |
| 4:11 | Orc Burrow |
| 4:14 | Stronghold |
| 4:19 | Troll Headhunter |
| 4:20 | Troll Headhunter |
| 5:23 | Healing Salve |
| 6:03 | Watch Tower |
| 6:13 | Steel Ranged Weapons |
| 6:38 | Troll Regeneration |
| 6:52 | Feral Spirit |
| 7:19 | Spirit Lodge |
| 7:41 | Beastiary |
| 7:43 | Troll Headhunter |
| 7:45 | Fortress |
| 7:50 | Spiked Barricades |
| 7:52 | Reinforced Defenses |
| 8:05 | Orc Burrow |
| 9:09 | Healing Wave |
| 9:34 | Healing Salve |
| 9:43 | Great Hall |
| 9:57 | Potion of Healing |
| 9:58 | Potion of Mana |
| 10:33 | Troll Witch Doctor |
| 10:34 | Troll Witch Doctor |
| 10:35 | Witch Doctor Adept Training |
| 10:48 | Tauren Totem |
| 10:54 | Tauren Totem |
| 10:55 | Tauren Totem |
| 12:29 | Potion of Lesser Invulnerability |
| 12:36 | Scroll of Healing |
| 12:51 | Great Hall |
| 13:07 | Peon |
| 13:15 | Orc Burrow |
| 13:19 | Orc Burrow |
| 13:27 | Berserker Upgrade |
| 13:36 | Shaman |
| 13:36 | Shaman |
| 14:21 | Shaman Adept Training |
| 14:24 | Witch Doctor Master Training |
| 14:39 | Orc Burrow |
| 14:57 | Thorium Ranged Weapons |
| 15:54 | Chain Lighting |
| 16:28 | Wind Rider |
| 16:35 | Peon |
| 16:35 | Peon |
| 16:36 | Peon |
| 16:36 | Peon |
| 16:41 | Serpent Ward |
| 17:36 | Watch Tower |
| 17:41 | Watch Tower |
| 17:45 | Watch Tower |
| 17:55 | Liquid Fire |
| 18:00 | Kodo Beast |
| 18:00 | Kodo Beast |
| 18:11 | Peon |
| 18:11 | Peon |
| 18:20 | Shaman Master Training |
| 18:51 | Wind Rider |
| 18:52 | Wind Rider |
| 19:07 | Envenomed Spears |
| 19:17 | Demolisher |
| 21:00 | Wind Rider |
| 21:00 | Wind Rider |
| 21:03 | Burning Oil |
| 21:05 | Demolisher |
| 21:27 | Potion of Mana |
| 21:47 | Arcanite Ranged Weapons |
| 22:08 | Troll Berserker |
| 22:08 | Troll Berserker |
| 22:37 | Potion of Mana |
| 23:35 | Orc Burrow |
| 24:44 | Demolisher |
| 24:45 | Demolisher |
| 24:49 | Demolisher |
| 24:55 | Orc Burrow |
| 25:14 | Improved Spiked Barricades |
| 25:18 | Steel Melee Weapons |
| 25:18 | Steel Armor |
| 29:36 | Demolisher |
| 29:37 | Demolisher |
| 29:37 | Demolisher |
| 30:08 | Tauren |
| 30:09 | Tauren |
| 30:10 | Tauren |
| 30:12 | Pulverize |
| 30:15 | Shaman |
| 30:15 | Shaman |
| 30:35 | Thorium Melee Weapons |
| 30:35 | Thorium Armor |
| 31:06 | Potion of Mana |
| 31:07 | Potion of Mana |
| 31:10 | Potion of Healing |
| Right click | 718 |
| Select group | 375 |
| Select | 355 |
| Build/train/purchase | 110 |
| Chat | 108 |
| Use ability | 39 |
| Assign group | 19 |
| Misc. action | 10 |
| Item give/drop | 1 |


| Healing Salve | 4 | 400 |
| Lesser Clarity Potion | 5 | 350 |
| Orb of Lightning | 2 | 750 |
| Scroll of Speed | 1 | 50 |
| Potion of Healing | 1 | 150 |
| Scroll of Town Portal | 1 | 350 |
| Scroll of Regeneration | 1 | 100 |
| total: | 15 | 2150g |
| Peon | 28 | 2100 | / | 0 |
| Grunt | 7 | 1400 | / | 0 |
| Tauren | 6 | 1680 | / | 480 |
| Shaman | 8 | 1040 | / | 160 |
| Spirit Walker | 1 | 195 | / | 35 |
| Demolisher | 5 | 1100 | / | 250 |
| Forest Troll Shadow Priest | 1 | 195 | / | 10 |
| total: | 56 | 7710g | / | 935w |
| Watch Tower | 11 | 1210 | / | 880 |
| Altar of Storms | 2 | 360 | / | 100 |
| Orc Burrow | 7 | 1120 | / | 280 |
| Barracks | 3 | 540 | / | 150 |
| Voodoo Lounge | 1 | 130 | / | 30 |
| Great Hall | 5 | 1925 | / | 925 |
| War Mill | 1 | 205 | / | 0 |
| Spirit Lodge | 1 | 150 | / | 150 |
| Tauren Totem | 2 | 270 | / | 310 |
| Stronghold | 1 | 315 | / | 190 |
| Fortress | 1 | 325 | / | 190 |
| total: | 33 | 5910g | / | 2825w |
| 0:02 | Peon |
| 0:02 | Peon |
| 0:12 | Altar of Storms |
| 0:16 | Peon |
| 0:26 | Orc Burrow |
| 0:35 | Peon |
| 0:50 | Barracks |
| 0:56 | Peon |
| 1:07 | Peon |
| 1:21 | Peon |
| 1:31 | Orc Burrow |
| 1:52 | Voodoo Lounge |
| 1:52 | Grunt |
| 2:15 | Wind Walk |
| 2:23 | Grunt |
| 2:30 | Peon |
| 2:50 | Stronghold |
| 3:02 | Healing Salve |
| 3:15 | Grunt |
| 3:45 | Critical Strike |
| 4:09 | Great Hall |
| 4:33 | War Mill |
| 4:37 | Orc Burrow |
| 5:20 | Fortress |
| 5:54 | Wind Walk |
| 6:00 | Grunt |
| 6:24 | Great Hall |
| 6:36 | Healing Salve |
| 6:41 | Lesser Clarity Potion |
| 6:50 | Spirit Lodge |
| 6:51 | Berserker Strength |
| 7:18 | Forest Troll Shadow Priest |
| 7:31 | Healing Wave |
| 7:53 | Tauren Totem |
| 7:55 | Steel Armor |
| 7:56 | Peon |
| 7:57 | Peon |
| 8:07 | Shaman Adept Training |
| 9:10 | Shaman Master Training |
| 9:11 | Grunt |
| 9:13 | Critical Strike |
| 9:19 | Pulverize |
| 9:23 | Peon |
| 9:23 | Peon |
| 9:23 | Peon |
| 9:23 | Peon |
| 9:59 | Tauren |
| 10:00 | Shaman |
| 10:01 | Shaman |
| 10:04 | Lesser Clarity Potion |
| 10:18 | Healing Salve |
| 10:25 | Lesser Clarity Potion |
| 10:27 | Orb of Lightning |
| 10:37 | Steel Melee Weapons |
| 11:12 | Shaman |
| 11:16 | Orc Burrow |
| 11:53 | Shaman |
| 12:11 | Orc Burrow |
| 12:12 | Thorium Armor |
| 12:15 | Spirit Walker Adept Training |
| 12:18 | Tauren Totem |
| 12:23 | Hex |
| 12:42 | Scroll of Town Portal |
| 12:43 | Scroll of Speed |
| 12:50 | Tauren |
| 13:07 | Thorium Melee Weapons |
| 13:23 | Shaman |
| 14:33 | Spirit Walker Master Training |
| 14:34 | Tauren |
| 14:37 | Arcanite Armor |
| 14:44 | Healing Salve |
| 16:02 | Spirit Walker |
| 16:38 | Healing Wave |
| 16:44 | Wind Walk |
| 18:03 | Altar of Storms |
| 18:05 | Shaman |
| 18:05 | Shaman |
| 18:05 | Shaman |
| 18:09 | Tauren |
| 18:15 | Grunt |
| 18:15 | Grunt |
| 18:17 | Arcanite Melee Weapons |
| 18:22 | Peon |
| 18:22 | Peon |
| 18:22 | Peon |
| 18:25 | Peon |
| 18:57 | Tauren |
| 19:16 | Orc Burrow |
| 19:59 | Lesser Clarity Potion |
| 20:04 | Orb of Lightning |
| 20:17 | Tauren |
| 20:22 | Orc Burrow |
| 20:23 | Reinforced Defenses |
| 21:08 | Lesser Clarity Potion |
| 21:10 | Potion of Healing |
| 21:28 | Great Hall |
| 21:29 | Watch Tower |
| 21:29 | Watch Tower |
| 21:29 | Watch Tower |
| 21:30 | Watch Tower |
| 21:31 | Watch Tower |
| 23:37 | Watch Tower |
| 23:38 | Watch Tower |
| 23:51 | Great Hall |
| 24:13 | Great Hall |
| 24:38 | Watch Tower |
| 24:43 | Watch Tower |
| 24:44 | Watch Tower |
| 24:45 | Watch Tower |
| 24:56 | Scroll of Regeneration |
| 25:49 | Peon |
| 25:50 | Peon |
| 25:50 | Peon |
| 26:10 | Peon |
| 26:56 | Barracks |
| 26:59 | Barracks |
| 27:44 | Peon |
| 27:44 | Peon |
| 27:44 | Peon |
| 27:44 | Peon |
| 27:47 | Peon |
| 27:48 | Peon |
| 27:55 | Bladestorm |
| 28:05 | Burning Oil |
| 28:07 | Demolisher |
| 28:07 | Demolisher |
| 28:08 | Demolisher |
| 29:36 | Demolisher |
| 29:36 | Demolisher |
| Select group | 1823 |
| Right click | 1543 |
| Select | 1024 |
| Chat | 184 |
| Build/train/purchase | 177 |
| Misc. action | 75 |
| Use ability | 65 |
| Assign group | 50 |
| Minimap ping | 26 |
| Esc | 13 |
| Item give/drop | 6 |